 Dungeon Crawl Stone Soup version 0.18-a0-1123-gbd92598 (webtiles) character file.

30 Scytalen the Firebug (level 3, -4/19 HPs)
             Began as a Tengu Fire Elementalist on Jan 19, 2016.
             Slain by Natasha (6 damage)
             ... on level 1 of the Dungeon.
             The game lasted 00:03:45 (1420 turns).

Scytalen the Firebug (Tengu Fire Elementalist)      Turns: 1420, Time: 00:03:45

Health: -4/19      AC:  2    Str:  8    XL:     3   Next: 20%
Magic:  1/7        EV: 12    Int: 16    God:
Gold:   132        SH:  0    Dex: 14    Spells: 2 memorised, 2 levels left

rFire  . . .     SeeInvis .     e - +0 hunting sling
rCold  . . .     Gourm    .     a - +0 robe
rNeg   . . .     Faith    .     (no shield)
rPois  .         Spirit   .     (helmet restricted)
rElec  .         Dismiss  .     (no cloak)
rCorr  .         Reflect  .     (no gloves)
SustAt .         Harm     .     (boots unavailable)
MR     .....                    (no amulet)
Stlth  ++........               (no ring)
                                (no ring)

@: very slightly contaminated, not resistant to hostile enchantments, unstealthy
A: beak, talons 3
a: no special abilities


You were on level 1 of the Dungeon.
You were not hungry.

You visited 1 branch of the dungeon, and saw 2 of its levels.

You collected 132 gold pieces.

Inventory:

Hand Weapons
 e - a +0 hunting sling (weapon)
Missiles
 l - 18 stones (quivered)
Armour
 a - a +0 robe (worn)
Scrolls
 d - a scroll of fear {unknown}
 i - a scroll of fog {unknown}
Potions
 g - a potion of magic {unknown}
 h - a potion of lignification {unknown}
 k - 3 potions of curing
Books
 b - a book of Flames

   Spells                             Type                      Level
   a - Flame Tongue                   Conjuration/Fire             1
   b - Throw Flame                    Conjuration/Fire             2
   c - Conjure Flame                  Conjuration/Fire             3
   d - Inner Flame                    Hexes/Fire                   3
   e - Sticky Flame                   Conjuration/Fire             4
   f - Fireball                       Conjuration/Fire             5
Comestibles
 c - a bread ration
 j - a beef jerky


   Skills:
 - Level 2.1 Dodging
 - Level 2.0 Stealth
 - Level 2.0 Spellcasting
 + Level 3.1 Conjurations
 + Level 4.0 Fire Magic


You had 2 spell levels left.
You knew the following spells:

 Your Spells              Type           Power        Failure   Level  Hunger
a - Flame Tongue          Conj/Fire      ##...        6%          1    #......
b - Conjure Flame         Conj/Fire      ##......     14%         3    ###....


Dungeon Overview and Level Annotations

Branches:
Dungeon (2/15)

Altars:

Annotations:
D:1 Natasha


Innate Abilities, Weirdness & Mutations

You have a beak for a mouth.
You have claws for feet.


Message History

Aim: Natasha, carrying a wand of digging {zapped: 1} (severely wounded)
You shoot a stone. The stone barely misses Natasha.
The stone hits the white imp.
The white imp is lightly wounded.
Natasha barely misses you.
The white imp grins evilly.
Firing (i - inventory):
l - 20 stones (quivered)
Press: ? - help, Shift-Dir - straight line, f/p - Natasha
Aim: Natasha, carrying a wand of digging {zapped: 1} (severely wounded)
You shoot a stone. The stone closely misses Natasha.
The stone closely misses the white imp.
Natasha claws you.
* * * LOW HITPOINT WARNING * * *
You take 1 damage, and have 2/19 hp.
Firing (i - inventory):
l - 19 stones (quivered)
Press: ? - help, Shift-Dir - straight line, f/p - Natasha
Aim: Natasha, carrying a wand of digging {zapped: 1} (severely wounded)
You shoot a stone. The stone hits Natasha.
Natasha is severely wounded.
Natasha claws you.
You die...

........).........(..............
#################################
###############################
#.............................#
#.###########################.#
#.# #(.........# #.# ##.###
#5########.# #.#
.....###########h#..#...#.# #.#
................@#..#.#.#.# #.#
.#.#..#.##########..#.#.#.# #.##
.#.##.#.# #..#.#.#.# #.#.
.#.##.#.# #.)#.#.#.# #.#.
.#.##.#.# #..#.#.#.# #.#.
.#(##...# #..#...#.# ##.#.
.#.###..# #......#.# #.... .#.#
#..# ##.#####.# #..## ##.# ##.#
#.......# #....


You could see Natasha and a white imp.

Vanquished Creatures
  An ooze (D:1)
  A worm (D:1)
  6 bats (D:1)
  A giant cockroach (D:1)
  2 goblins (D:1)
  4 hobgoblins (D:1)
  A jackal (D:2)
  2 kobolds
  2 giant newts (D:1)
  A rat (D:1)
  A fungus (D:1)
22 creatures vanquished.

Notes
Turn   | Place    | Note
--------------------------------------------------------------
     0 | D:1      | Scytalen the Tengu Fire Elementalist began the quest for the Orb.
     0 | D:1      | Reached XP level 1. HP: 10/10 MP: 4/4
   273 | D:1      | Reached XP level 2. HP: 15/15 MP: 4/6
  1015 | D:1      | Reached XP level 3. HP: 19/19 MP: 4/7
  1322 | D:1      | Learned a level 3 spell: Conjure Flame
  1405 | D:2      | Noticed Natasha
  1409 | D:2      | Reached skill level 4 in Fire Magic
  1420 | D:1      | Slain by Natasha

Vault maps used:
D:1:      dpeg_arrival_brainrot, minmay_gold_behind_fungi
D:2:      kennysheep_the_goblin_king, minitemple, uniq_natasha, uniq_terence,
          uniq_robin

Action                   || total
-------------------------++-------
Melee: Unarmed           ||    24
 Fire: Hunting sling     ||    23
 Cast: Flame Tongue      ||    34
  Use: Potion            ||     1
  Eat: Chunk             ||     2
